 Dungeon Crawl Stone Soup version 0.28.0-62-gf88900778d (webtiles) character file.

Game seed: 2542906571615673437

11150 jjjjhere the Destroyer (level 11, -11/62 HPs)
             Began as a Tengu Air Elementalist on Feb 22, 2023.
             Was a Believer of Sif Muna.
             Killed from afar by Fannar (31 damage)
             ... with a bolt of cold
             ... on level 10 of the Dungeon.
             The game lasted 00:26:23 (16890 turns).

jjjjhere the Destroyer (Tengu Air Elementalist)    Turns: 16890, Time: 00:26:23

Health: -11/62     AC: 14    Str:  9    XL:     11   Next: 73%
Magic:  9/26       EV: 15    Int: 22    God:    Sif Muna [**....]
Gold:   1743       SH:  0    Dex: 15    Spells: 17/30 levels left

rFire   . . .      SeeInvis .   i - +2 eveningstar of Paper {freeze, rPois rN+ Int+3}
rCold   . . .      Faith    .   (no shield)
rNeg    + . .      Spirit   .   F - +2 ring mail {rPois}
rPois   +          Reflect  .   (helmet restricted)
rElec   .          Harm     .   A - +0 cloak
rCorr   .          Rampage  .   G - +1 pair of gloves
Will    .....                   (boots unavailable)
Stlth   +.........              (no amulet)
HPRegen 0.20/turn               w - ring "Jafuy" {Wiz rPois}
MPRegen 0.20/turn               l - +4 ring of protection

@: flying quickly and evasively, very slightly contaminated, quick
A: beak, talons 3, nimble flight
a: Renounce Religion, Channel Magic


You were on level 10 of the Dungeon.
You worshipped Sif Muna.
Sif Muna was pleased with you.
You visited 3 branches of the dungeon, and saw 13 of its levels.

You collected 2471 gold pieces.
You spent 728 gold pieces at shops.

Inventory:

Hand Weapons
 i - the +2 eveningstar of Paper (weapon) {freeze, rPois rN+ Int+3}
   (You acquired it on level 4 of the Dungeon)

   It freezes those it strikes, dealing additional cold damage.
   It can also slow down cold-blooded creatures.
   Int:       It affects your intelligence (+3).
   rPois:     It protects you from poison.
   rN:        It protects you from negative energy.
Missiles
 e - 5 atropa-tipped darts
 q - 5 curare-tipped darts
Armour
 a - a +0 robe
 y - a +0 troll leather armour
 A - a +0 cloak (worn)
 F - a +2 ring mail of poison resistance (worn)
 G - a +1 pair of gloves (worn)
Jewellery
 g - a ring of willpower
 l - a +4 ring of protection (right hand)
 w - the ring "Jafuy" (left hand) {Wiz rPois}
   (You acquired it on level 5 of the Dungeon)

   [ring of wizardry]

   It improves your spell success rate.
   rPois:     It protects you from poison.
 H - a +4 ring of evasion
 I - a ring of magical power
Wands
 x - a wand of iceblast (5)
 B - a wand of flame (16)
Scrolls
 b - 2 scrolls of torment
 h - 2 scrolls of summoning {unknown}
 k - a scroll of enchant armour {unknown}
 n - 3 scrolls of amnesia {unknown}
 o - 2 scrolls of enchant weapon {unknown}
 p - 2 scrolls of fear {unknown}
 r - 3 scrolls of teleportation {unknown}
 s - 4 scrolls of fog {unknown}
 t - a scroll of magic mapping {unknown}
 C - a scroll of blinking {unknown}
Potions
 c - 9 potions of curing
 d - 3 potions of resistance
 f - 8 potions of flight
 j - 5 potions of heal wounds
 m - 4 potions of attraction
 u - 3 potions of lignification
 v - 6 potions of cancellation
 z - 3 potions of mutation {unknown}
 D - 2 potions of might {unknown}
 E - 2 potions of invisibility {unknown}


   Skills:
 + Level 4.6 Fighting
 - Level 8.3 Maces & Flails
 - Level 6.9 Dodging
 - Level 2.0 Stealth
 + Level 10.2 Spellcasting
 + Level 10.7 Conjurations
 - Level 1.6 Transmutations
 - Level 8.1 Air Magic


You had 17 spell levels left.
You knew the following spells:

 Your Spells              Type           Power      Damage    Failure   Level
a - Shock                 Conj/Air       100%       1d9       1%          1
b - Irradiate             Conj/Tmut      19%        3d20      14%         5
c - Airstrike             Air            23%        N/A       2%          4
B - Swiftness             Air            47%        N/A       1%          3

Your spell library contained the following spells:

 Spells                   Type           Power      Damage    Failure   Level
 Static Discharge         Conj/Air       52%        N/A       1%          2
 Animate Skeleton         Necr           22%        N/A       7%          1
 Pain                     Necr           44%        1d6       7%          1
 Passwall                 Tmut/Erth      11%        N/A       8%          2
 Ensorcelled Hibernation  Hex/Ice        22%        N/A       11%         2
 Vampiric Draining        Necr           11%        2d6       21%         3
 Blade Hands              Tmut           9%         N/A       65%         5
 Dragon Form              Tmut           9%         N/A       100%        7


Dungeon Overview and Level Annotations

Branches:
Dungeon (11/15)            Temple (1/1) D:4            Lair (1/6) D:10
    Orc (0/2) D:10

Altars:
Ashenzari
Cheibriados
Dithmenos
Elyvilon
Fedhas
Gozag
Hepliaklqana
Kikubaaqudgha
Makhleb
Nemelex Xobeh
Okawaru
Qazlal
Ru
Sif Muna
Trog
Uskayaw
Vehumet
Wu Jian
Xom
Yredelemnul
Zin
The Shining One

Shops:
D:2 (   D:5 *   D:8 (   D:10 (

Annotations:
D:4 Sigmund
D:10 Fannar
Lair:1 3 runed translucent doors, exclusion: 2 oklob plants, Godmorgon's ghost, journeyman MiFi


Innate Abilities, Weirdness & Mutations

You have a beak for a mouth.
You have claws for feet.
Your magical nature lets you fly swiftly and evasively.


Message History

Fannar is nearby!
Casting: Airstrike (dangerous; 2% risk of failure)
Confirm with . or Enter, or press ? or * to list all spells.
Aiming: Airstrike (dangerous; 2% risk of failure)
Press: ? - help, Dir - move target, f - Fannar
Aim: Fannar, wielding a +0 quarterstaff of freezing, wearing a +2 robe of cold resistance and wearing a ring of ice (empty space bonus: 6/8)
The air twists around and strikes Fannar!
Fannar is lightly wounded.
Fannar gestures wildly while chanting.
You fly upwards.
Welcome back to the Dungeon!
The ice beast disappears in a puff of smoke!
There is a staircase to the Lair here.
Unknown command.
Casting: Airstrike (dangerous; 2% risk of failure)
Confirm with . or Enter, or press ? or * to list all spells.
The spell is quite dangerous to miscast (14% risk of failure)!
Continue anyway?
You miscast Irradiate.
You are very lightly contaminated with residual magic.
Nothing appears to happen.
Fannar barely misses you.
Casting: Irradiate (quite dangerous; 14% risk of failure)
Confirm with . or Enter, or press ? or * to list all spells.
The spell is quite dangerous to miscast (14% risk of failure)!
Continue anyway?
You miscast Irradiate.
Nothing appears to happen.
Fannar completely misses you.
Casting: Irradiate (quite dangerous; 14% risk of failure)
Confirm with . or Enter, or press ? or * to list all spells.
The spell is quite dangerous to miscast (14% risk of failure)!
Continue anyway?
You miscast Irradiate.
Energy rips through your body!
Fannar gestures wildly while chanting.
Unknown command.
Fannar casts a spell at you. The bolt of cold hits you!
Fannar says, "An icy embrace awaits you..."
Fannar points at you and mumbles some strange words.
The bolt of cold hits the ice beast.
The ice beast completely resists.
The bolt of cold hits you!! Fannar gestures at you while chanting.
The bolt of cold hits you!!
Ouch! That really hurt!
You die...

#.[.##....##. #...########.
#....'.....#. #....#.....#.
######+###.######
#.......#####.###
#########.......#..'.....
###......##.....<.#..#.....
###..P...P..@.......#####..##
###...P.......#.###'###..##..##
###.P.....P....Y..##)............
.P....PP.P.......................
........P...P.....P.#.#######.###
..P..P.P....e.P.P.....###.#######
P..P.......P.....P.P....>.#....#.
P......P.P>..P.P..........'....#.
..P...P....P.....PP..########'##.


You could see Fannar and an ice beast (summoned).

Vanquished Creatures
  5 two-headed ogres
  Pikel (D:8)
  A manticore (D:10)
  2 cane toads (Lair:1)
  A troll (D:5)
  A shadow (D:9)
  A wraith (D:9)
  5 yaks
  2 wyverns
  2 basilisks (Lair:1)
  8 water moccasins
  3 orc warriors
  A sky beast (D:6)
  3 black bears
  5 ogres
  6 wolves (Lair:1)
  A centaur (D:7)
  2 phantoms
  A kobold brigand (D:6)
  9 bullfrogs
  4 scorpions
  A wyvern skeleton (D:7)
  11 killer bees
  5 wights
  3 howler monkeys
  A centaur zombie (D:6)
  A bullfrog zombie (D:6)
  4 orc priests
  4 hounds
  A jelly (D:8)
  A bullfrog skeleton (D:4)
  A centaur skeleton (D:7)
  3 iguanas
  2 orc wizards
  A scorpion zombie (D:5)
  2 howler monkey zombies (D:10)
  3 gnolls (D:8)
  6 adders
  2 white imps (D:6)
  An ufetubus (D:7)
  A worm (D:2)
  3 dart slugs
  16 orcs
  5 endoplasms
  2 giant cockroaches
  4 goblins
  4 hobgoblins
  6 jackals
  3 quokkas
  4 ball pythons
  6 bats
  A frilled lizard (D:1)
  6 kobolds
  12 rats
190 creatures vanquished.

Vanquished Creatures (others)
  A frilled lizard (D:2)
  25 fungi
  45 plants
71 creatures vanquished.

Grand Total: 261 creatures vanquished

Notes
Turn   | Place    | Note
-------+----------+-------------------------------------------
     0 | D:1      | jjjjhere the Tengu Air Elementalist began the quest for the
                  | Orb.
     0 | D:1      | Reached XP level 1. HP: 10/10 MP: 4/4
   445 | D:1      | Reached XP level 2. HP: 15/15 MP: 1/6
  1557 | D:2      | Reached XP level 3. HP: 19/19 MP: 5/7
  1597 | D:2      | Learned a level 3 spell: Swiftness
  1785 | D:2      | Found a radiant altar of Vehumet.
  1887 | D:2      | Reached skill level 5 in Air Magic
  2031 | D:2      | Found a faded altar of an unknown god.
  2099 | D:2      | Found Bikluis's Weapon Shop.
  2366 | D:3      | Found a shimmering altar of Xom.
  2368 | D:3      | Found a sparkling altar of Nemelex Xobeh.
  2442 | D:2      | Reached XP level 4. HP: 19/24 MP: 1/9
  2507 | D:2      | Learned a level 4 spell: Airstrike
  3227 | D:3      | Found an iron altar of Okawaru.
  3234 | D:3      | Gained mutation: Your magical nature lets you fly swiftly
                  | and evasively. [Tengu growth]
  3234 | D:3      | Reached XP level 5. HP: 25/28 MP: 6/11
  4356 | D:4      | Reached XP level 6. HP: 29/32 MP: 3/13
  4586 | D:4      | Found a staircase to the Ecumenical Temple.
  4595 | Temple   | Entered the Ecumenical Temple
  5187 | D:4      | Noticed Sigmund
  5483 | D:5      | Entered Level 5 of the Dungeon
  5500 | D:5      | Noticed a troll
  5632 | D:5      | Reached XP level 7. HP: 36/36 MP: 4/15
  5811 | D:5      | Reached skill level 5 in Spellcasting
  6471 | D:5      | Found an ornate altar of the Wu Jian Council.
  6538 | D:5      | Found Gatsou's General Store.
  6616 | D:4      | Identified 2 scrolls of acquirement
  6616 | D:4      | Acquired the +2 eveningstar of Paper {freeze, rPois rN+
                  | Int+3}
  6619 | D:4      | Acquired 759 gold pieces
  6689 | D:5      | Bought a scroll of acquirement for 728 gold pieces
  6689 | D:5      | Acquired the ring "Jafuy" {Wiz rPois}
  7157 | D:5      | Killed a troll
  7158 | D:5      | Reached XP level 8. HP: 41/41 MP: 0/18
  7324 | D:5      | Found a shimmering blue altar of Sif Muna.
  7329 | D:5      | Became a worshipper of Sif Muna the Loreminder
  7661 | D:6      | Found an ancient bone altar of Kikubaaqudgha.
  7673 | D:6      | Reached skill level 1 in Maces & Flails
  7779 | D:6      | Found a bloodstained altar of Trog.
  8369 | D:6      | Reached XP level 9. HP: 45/45 MP: 11/21
  8702 | D:6      | Found a sacrificial altar of Ru.
  8946 | D:7      | Reached * piety under Sif Muna
  8999 | D:7      | Reached skill level 5 in Maces & Flails
  9339 | D:7      | Found a burning altar of Makhleb.
 10053 | D:8      | Noticed Pikel
 10078 | D:8      | Killed Pikel
 10839 | D:8      | Found Unotz's Weapon Shop.
 10903 | D:8      | Reached XP level 10. HP: 50/50 MP: 15/24
 11046 | D:8      | Noticed a two-headed ogre
 11321 | D:8      | Killed a two-headed ogre
 11526 | D:8      | Learned a level 5 spell: Irradiate
 11563 | D:8      | Noticed a two-headed ogre
 11568 | D:8      | Killed a two-headed ogre
 11569 | D:8      | Reached skill level 5 in Conjurations
 12650 | D:9      | Noticed a two-headed ogre
 12663 | D:9      | Killed a two-headed ogre
 12664 | D:9      | Reached skill level 5 in Dodging
 13139 | D:9      | Reached ** piety under Sif Muna
 13286 | D:10     | Entered Level 10 of the Dungeon
 13398 | D:10     | Noticed a manticore
 13403 | D:10     | Killed a manticore
 13409 | D:10     | Reached XP level 11. HP: 54/54 MP: 3/25
 13644 | D:10     | Noticed a two-headed ogre
 13649 | D:10     | Killed a two-headed ogre
 13825 | D:10     | You are sucked into a shaft and drop 1 floor!
 13909 | D:10     | Identified the +0 leather armour of Servitude {Str+2}
 14300 | D:10     | Found a staircase to the Orcish Mines.
 14300 | D:10     | Found Nisyhacu's Weapon Shoppe.
 14658 | D:10     | Found a staircase to the Lair.
 15064 | D:10     | Noticed a two-headed ogre
 15068 | D:10     | Killed a two-headed ogre
 15069 | D:10     | Reached skill level 10 in Conjurations
 15069 | D:10     | Reached skill level 1 in Transmutations
 15436 | Lair:1   | Entered Level 1 of the Lair of Beasts
 15574 | Lair:1   | Acquired 1142 gold pieces
 15633 | Lair:1   | Noticed an oklob plant
 15633 | Lair:1   | Noticed an oklob plant
 15914 | Lair:1   | Reached skill level 10 in Spellcasting
 15979 | Lair:1   | Identified the +5 helmet "Recyex" {rF+ Int+7}
 16062 | Lair:1   | Found a runed translucent gate.
 16062 | Lair:1   | Found a runed translucent gate.
 16062 | Lair:1   | Found a runed translucent gate.
 16171 | Lair:1   | Noticed Godmorgon's ghost (journeyman MiFi)
 16171 | Lair:1   | Noticed a nine-headed hydra
 16171 | Lair:1   | Noticed a 12-headed hydra
 16703 | Lair:1   | Noticed Fannar
 16887 | D:10     | HP: 19/62 [Fannar/bolt of cold (18)]
 16890 | D:10     | Killed from afar by Fannar

Illustrated notes

Levels and vault maps discovered:
D:1:      dpeg_arrival_tiny_d, layout_loops_corners, serial_forest,
          infiniplex_forest_corner_2, infiniplex_forest_corner_2,
          infiniplex_forest_straight_2, infiniplex_forest_clump_small,
          infiniplex_forest_clump_curved, infiniplex_forest_lined_4_way,
          infiniplex_forest_clump_curved, minmay_cut_off
D:2:      layout_basic, basic_altar, ebering_ecumenical_altar_petrified,
          serial_shops, shop
D:3:      layout_rooms, gammafunk_temple_overflow_forgotten, st_stairs_8,
          amcnicky_mini_pool_small, minmay_misc_feat_room
D:4:      layout_basic, minmay_temple_entry_grid, uniq_sigmund
D:5:      layout_loops_cross, nicolae_sif_muna_little_library,
          overflow_temple_1_default, serial_shops, shop
D:6:      layout_cave_pools, overflow_temple_1_default, trog_antimagical,
          nicolae_ru_awakened_eye, nicolae_fountain_basement
D:7:      layout_basic, mainiacjoe_overflow_small_starburst, amethyst_killhole,
          st_stairs_12, grunt_ministairs_6
D:8:      layout_gridville, serial_shops, nicolae_shop_bloodbath_and_beyond,
          uniq_pikel
D:9:      layout_grid_maze
D:10:     layout_gridville, due_lair_maze_entry_diamond, orc_david_3,
          dk_vineyard_2
D:11:     layout_basic, nemelex_spade_bored_becter
Temple:   nicolae_temple_figure_eight
Lair:1:   minmay_lair_oklob_chamber, layout_regular_city,
          gammafunk_ghost_hydra_chop, grunt_megastairs_3, uniq_fannar

Skill      XL: |  1  2  3  4  5  6  7  8  9 10 11 |
---------------+----------------------------------+-----
Air Magic      | 5 6 7 8 |  8.1
Spellcasting   | 3 4 6 7 9 10 | 10.2
Conjurations   | 4 8 10 | 10.7
Dodging        | 3 6 |  6.9
Maces & Flails | 4 7 8 |  8.3
Fighting       | 4 |  4.6
Transmutations | 1 |  1.6
Stealth        | |  2.0

Action                   |  1- 3 |  4- 6 |  7- 9 | 10-12 || total
-------------------------+-------+-------+-------+-------++-------
Melee: Unarmed           |    18 |     1 |       |       ||    19
       Kick              |     5 |     1 |     3 |    27 ||    36
       Peck              |     2 |     1 |     1 |    13 ||    17
       Eveningstar       |       |       |    18 |    77 ||    95
       Punch             |       |       |     1 |     1 ||     2
 Cast: Shock             |    92 |    72 |     7 |       ||   171
       Airstrike         |       |    14 |   109 |   145 ||   268
       Swiftness         |       |     1 |       |       ||     1
  Use: Scroll            |       |       |     8 |     5 ||    13
Armor: Robe              |    23 |     6 |       |       ||    29
       Troll leather arm |       |       |    12 |    11 ||    23
       Ring mail         |       |       |       |    24 ||    24
Dodge: Dodged            |    49 |    11 |    20 |    98 ||   178
